 Dungeon Crawl Stone Soup version 0.22-a0-482-g76e0a5f51a (webtiles) character file.

39 RKaid the Skirmisher (level 3, 0/33 HPs)
             Began as a Hill Orc Fighter on June 17, 2018.
             Splashed by a jelly's acid (4 damage)
             ... on level 1 of the Dungeon.
             The game lasted 00:02:19 (527 turns).

RKaid the Skirmisher (Hill Orc Fighter)              Turns: 527, Time: 00:02:20

Health: 0/33       AC:  2    Str: 18    XL:     3   Next: 45%
Magic:  3/3        EV:  7    Int:  9    God:
Gold:   44         SH:  9    Dex: 10    Spells: 2/2 levels left

rFire    . . .     SeeInvis .   a - +0 war axe
rCold    . . .     Gourm    .   c - +0 shield
rNeg     . . .     Faith    .   b - +0 scale mail
rPois    .         Spirit   .   (no helmet)
rElec    .         Reflect  .   (no cloak)
rCorr    .         Harm     .   (no gloves)
MR       .....                  (no boots)
Stlth    ..........             (no amulet)
HPRegen  0.11/turn              (no ring)
MPRegen  0.08/turn              (no ring)

@: corroded
A: no striking features
a: no special abilities


You were on level 1 of the Dungeon.
You were not hungry.

You visited 1 branch of the dungeon, and saw 1 of its levels.

You collected 44 gold pieces.

Inventory:

Hand Weapons
 a - a +0 war axe (weapon)
Missiles
 s - 43 stones (quivered)
Armour
 b - a +0 scale mail (worn)
 c - a +0 shield (worn)
Scrolls
 e - 2 scrolls of magic mapping {unknown}
 h - a scroll of identify {unknown}
 j - a scroll of amnesia {unknown}
 k - a scroll of blinking {unknown}
 m - a scroll of enchant weapon {unknown}
Potions
 d - a potion of might
 i - a potion of lignification {unknown}
 l - a potion of curing {unknown}
Comestibles
 f - 4 rations
 g - 2 chunks of flesh


   Skills:
 + Level 4.0 Fighting
 * Level 3.8 Axes
 + Level 3.6 Armour
 + Level 3.6 Shields


You had 2 spell levels left.
You didn't know any spells.
Your spell library was empty.

Dungeon Overview and Level Annotations

Branches:
Dungeon (1/15)

Altars:


Message History

You block the jackal's attack. The jackal completely misses you.
The rat twitches its whiskers.
The jackal bites you but does no damage.
You hit the jackal.
You kill the jackal!
You completely miss the jackal.
The jackal bites you but does no damage.
You block the jackal's attack.
You hit the jackal. The jackal closely misses you.
You block the jackal's attack.
The giant cockroach waves its antennae.
You hit the jackal.
You kill the jackal!
The ooze hits you but does no damage.
You hit the ooze.
The jackal stops to sniff the ground.
The ooze hits you.
You slash the ooze!
You kill the ooze!
You block the giant cockroach's attack.
You hit the giant cockroach. You block the giant cockroach's attack.
You closely miss the giant cockroach. You slash the giant cockroach!
You kill the giant cockroach!
You have reached level 3!
Your experience leads to an increase in your attributes!
Increase (S)trength, (I)ntelligence, or (D)exterity?
Uppercase letters only, please.
You feel clever. The giant cockroach closely misses you.
You block the giant cockroach's attack.
Your shield and scale mail prevent you from hitting the giant cockroach.
You closely miss the giant cockroach.
The giant cockroach bites you but does no damage. x3
You closely miss the giant cockroach. x2
The giant cockroach bites you but does no damage.
You block the giant cockroach's attack.
The giant cockroach bites you but does no damage. x2
You closely miss the giant cockroach.
You hit the giant cockroach but do no damage.
You block the giant cockroach's attack. The giant cockroach barely misses you.
The giant cockroach bites you but does no damage.
The giant cockroach waves its antennae.
The giant cockroach bites you but does no damage.
You hit the giant cockroach but do no damage.
Your shield prevents you from hitting the giant cockroach.
The giant cockroach closely misses you. The giant cockroach bites you.
The giant cockroach bites you but does no damage.
You barely miss the giant cockroach. You closely miss the giant cockroach.
The giant cockroach bites you.
The giant cockroach bites you but does no damage. x2
Your shield and scale mail prevent you from hitting the giant cockroach. x2
You block the giant cockroach's attack. The giant cockroach barely misses you.
The giant cockroach bites you but does no damage.
You barely miss the giant cockroach. You closely miss the giant cockroach.
You block the giant cockroach's attack. The giant cockroach bites you.
The giant cockroach bites you but does no damage.
You closely miss the giant cockroach. You hit the giant cockroach.
You kill the giant cockroach!
You block the giant cockroach's attack. The giant cockroach barely misses you.
The giant cockroach bites you but does no damage.
You slash the giant cockroach!
You kill the giant cockroach!
You hit the giant cockroach. You block the giant cockroach's attack.
The rat twitches its whiskers.
The giant cockroach bites you but does no damage.
You hit the giant cockroach.
You kill the giant cockroach!
Your Fighting skill increases to level 4!
You barely miss the rat. You block the rat's attack.
The ooze closely misses you.
You hit the ooze. You barely miss the rat.
The rat bites you but does no damage. The ooze barely misses you.
The rat closely misses you.
You hit the ooze but do no damage. You block the ooze's attack.
You hit the ooze. You block the ooze's attack. x2
You slash the ooze!
You kill the ooze!
The rat bites you but does no damage.
You barely miss the rat. The rat bites you but does no damage.
You hit the rat. You block the rat's attack.
You slash the rat!
You kill the rat!
The ooze hits you.
You hit the ooze. The ooze hits you but does no damage.
You slash the ooze!
You kill the ooze!
You hit the rat. You block the rat's attack.
You closely miss the rat. You block the rat's attack.
The jelly closely misses you.
You closely miss the rat. You hit the jelly but do no damage.
Your hands burn!
The rat bites you but does no damage. You block the jelly's attack.
You hit the jelly.
Your hands burn!
You slash the rat!
You kill the rat!
The jelly barely misses you. The jelly hits you. The acid corrodes you!
You are splashed with acid!
The acid burns!
* * * LOW HITPOINT WARNING * * *
You hit the jelly but do no damage.
Your hands burn!
* * * LOW HITPOINT WARNING * * *
You block the jelly's attack.
You slash the jelly!
Your hands burn!
You die...

...###########...........#
............##...........#
##..........##...........#
#..........###.........########
#.............................#
#..........#............).....#
#..........#..###'#######'###.#
#..........#..#..⌠...>...⌠..#.##
#..........#..#@J....<......#...
#.#.#####.....+⌠..rJ###....⌠'...
#.#.######.#.)#.....††......#...
##...#...##....#######h#######...
...............#.............#...
...#...........#.............#..#
.............).#.............#...
...#.#.##......###############...
...#.............................


You could see a jelly, an ooze, a jackal and a rat.

Vanquished Creatures
  3 oozes (D:1)
  A dart slug (D:1)
  5 giant cockroaches (D:1)
  2 hobgoblins (D:1)
  2 jackals (D:1)
  2 kobolds (D:1)
  A bat (D:1)
  A frilled lizard (D:1)
  7 rats (D:1)
24 creatures vanquished.

Notes
Turn   | Place    | Note
-------+----------+-------------------------------------------
     0 | D:1      | RKaid the Hill Orc Fighter began the quest for the Orb.
     0 | D:1      | Reached XP level 1. HP: 19/19 MP: 1/1
     0 | D:1      | Noticed a jelly
     1 | D:1      | Found a runed door.
   165 | D:1      | Reached skill level 3 in Axes
   170 | D:1      | Reached XP level 2. HP: 24/27 MP: 2/2
   496 | D:1      | Reached XP level 3. HP: 32/33 MP: 3/3
   506 | D:1      | Reached skill level 4 in Fighting
   521 | D:1      | HP: 7/33 [acid (10)]
   527 | D:1      | Splashed by a jelly's acid

Vault maps used:
D:1:      dpeg_arrival_caged_fury, minmay_heptomino_h4

Skill      XL: |  1  2  3 |
---------------+----------+-----
Axes           | 3 |  3.8
Fighting       | 4 |  4.0
Armour         | |  3.6
Shields        | |  3.6

Action                   || total
-------------------------++-------
Melee: War axe           ||    83
Armor: Scale mail        ||    39
Dodge: Dodged            ||    31
Block: Shield            ||    46

Table legend:
 A = Spawn XP
 B = Non-spawn XP
 C = Spawn XP percentage of total XP
 D = Spawn monster count
 E = Non-spawn monster count
 F = Spawn count percentage of total count
 G = Total turns spent on level
                    A         B        C        D         E        F      G
               +---------+---------+-------+---------+---------+-------+---------
         Total |       0 |      56 |   0.0 |       0 |      24 |   0.0 |   527
               +---------+---------+-------+---------+---------+-------+---------
           D:1 |       0 |      56 |   0.0 |       0 |      24 |   0.0 |   527
               +---------+---------+-------+---------+---------+-------+---------

Table legend:
 A = Turns spent in this place as a percentage of turns spent in the entire game.
 B = Non-inter-level travel turns spent in this place as a percentage of non-inter-level travel turns spent in the entire game.
 C = Inter-level travel turns spent in this place as a percentage of turns spent in this place.
 D = Turns resting spent in this place as a percentage of non-inter-level travel turns spent in this place.
 E = Turns spent auto-exploring this place as a percentage of non-inter-level travel turns spent in this place.
 F = Non-inter-level travel turns spent in this place divided by the number of levels of this place that you've seen.
                   A       B       C       D       E      F
               +-------+-------+-------+-------+-------+----------------------
         Total | 100.0 | 100.0 |   0.0 |  12.3 |  56.0 | 527.0
       Dungeon | 100.0 | 100.0 |   0.0 |  12.3 |  56.0 | 527.0
               +-------+-------+-------+-------+-------+----------------------

Table legend:
 A = Kills in this place as a percentage of kills in entire the game.
 B = Kills by you in this place as a percentage of kills by you in the entire game.
 C = Kills by friends in this place as a percentage of kills by friends in the entire game.
 D = Other kills in this place as a percentage of other kills in the entire game.
 E = Experience gained in this place as a percentage of experience gained in the entire game.
 F = Experience gained in this place divided by the number of levels of this place that you have seen.
                   A       B       C       D       E      F
               +-------+-------+-------+-------+-------+----------------------
         Total | 100.0 | 100.0 |   N/A |   N/A | 100.0 |  56.0
       Dungeon | 100.0 | 100.0 |   N/A |   N/A | 100.0 |  56.0
               +-------+-------+-------+-------+-------+----------------------
